 Dungeon Crawl Stone Soup version 0.27-a0-1502-g47ed6a6988 (webtiles) character file.

Game seed: 12461727918369436288

154 Sobieck the Chopper (level 5, -3/38 HPs)
             Began as a Formicid Gladiator on July 8, 2021.
             Was a Follower of Cheibriados.
             Slain by a gargoyle (6 damage)
             ... on level 12 of the Dungeon.
             The game lasted 00:08:47 (4006 turns).

Sobieck the Chopper (Formicid Gladiator)            Turns: 4006, Time: 00:08:48

Health: -3/38      AC:  8    Str: 28    XL:     5   Next: 62%
Magic:  5/5        EV:  9    Int:  9    God:    Cheibriados [*.....]
Gold:   143        SH:  4    Dex: 14    Spells: 4/4 levels left

rFire    . . .     SeeInvis +   a - +0 war axe {axe}
rCold    . . .     Faith    .   d - +0 buckler
rNeg     . . .     Spirit   .   e - +0 chain mail
rPois    .         Reflect  .   (helmet unavailable)
rElec    .         Harm     .   (no cloak)
rCorr    .         Rampage  .   (no gloves)
Will     .....                  (no boots)
Stlth    ..........             (no amulet)
HPRegen  0.12/turn              h - +6 ring of strength
MPRegen  0.09/turn              (no ring)

@: very slow
A: permanent stasis, dig shafts and tunnels, antennae 3, four strong arms
a: Dig, Shaft Self, Renounce Religion, Bend Time


You were on level 12 of the Dungeon.
You worshipped Cheibriados.
Cheibriados was aware of your devotion.
You visited 1 branch of the dungeon, and saw 8 of its levels.

You collected 143 gold pieces.


Innate Abilities, Weirdness & Mutations

You cannot be hasted, slowed, berserked, paralysed or teleported.
You can dig through walls and to a lower floor.
You have a pair of large antennae on your head. (SInv)
Your four strong arms can wield two-handed weapons with a shield.


   Skills:
 - Level 2.1 Fighting
 * Level 5.4 Axes
 - Level 2.0 Throwing
 - Level 2.6 Dodging
 - Level 2.4 Shields
 + Level 0.2 Invocations


You had 4 spell levels left.
You didn't know any spells.
Your spell library contained the following spells:

 Spells                   Type           Power      Damage    Failure   Level
 Apportation              Tloc           0%         N/A       95%         1
 Poisonous Vapours        Pois/Air       0%         N/A       99%         2
 Mephitic Cloud           Conj/Pois/Air  0%         N/A       100%        3
 Alistair's Intoxication  Tmut/Pois      0%         N/A       100%        5
 Freezing Cloud           Conj/Ice/Air   0%         6-21      100%        5
 Invisibility             Hex            0%         N/A       100%        6

Inventory:

Hand Weapons
 a - a +0 war axe (weapon) {axe}
 o - a +2 whip of pain {mace}
   (You took it off an orc on level 4 of the Dungeon)
Missiles
 c - 3 throwing nets (quivered) {=f!fthrowing}
 f - 87 stones {throwing}
 g - 21 sling bullets
 m - 47 arrows
 r - 5 poisoned darts {throwing}
Armour
 b - a +0 leather armour
 d - a +0 buckler (worn)
   (You found it on level 1 of the Dungeon)
 e - a +0 chain mail (worn)
   (You found it on level 1 of the Dungeon)
Jewellery
 h - a +6 ring of strength (left hand)
   (You found it on level 1 of the Dungeon)
Wands
 n - a wand of paralysis (9)
   (You found it on level 2 of the Dungeon)
Scrolls
 l - a scroll of immolation {unknown}
 p - 3 scrolls of identify {unknown}
 q - a scroll of vulnerability {unknown}
Potions
 i - a potion of degeneration {unknown}
 j - a potion of curing {@q1}
 k - a potion of haste {unknown}

Dungeon Overview and Level Annotations

Branches:
Dungeon (5/15)
 Temple: D:4-7

Altars:
Cheibriados
Gozag

Annotations:
D:2 Natasha

#.....# .
#.....# ..
#.....#
...#+###.....#
.............#
.............#
.............#
........@9...#
.............#
.............#
####+#########


You could see a gargoyle.


Message History

You closely miss the sky beast. The sky beast hits you.
The sky beast shocks you.
* * * LOW HITPOINT WARNING * * *
😨 HP[-6]
You take 6 damage, and now have 17/38 hp.
Unknown command.
It was a potion of curing.
You feel better.
The sky beast closely misses you. 😮 HP[+7]
You regained 7 hp, and now have 24/38 hp.
You hit the sky beast but do no damage.
The sky beast flickers out of sight for a moment.
The sky beast hits you but does no damage.
You closely miss the sky beast. You block the sky beast's attack.
You hit the sky beast but do no damage. The sky beast hits you.
The sky beast shocks you.
* * * LOW HITPOINT WARNING * * *
The sky beast hits you but does no damage. 😨 HP[-6]
You take 6 damage, and now have 18/38 hp.
You feel better. The sky beast hits you. The sky beast shocks you.
* * * LOW HITPOINT WARNING * * *
😨 HP[-1]
You take 1 damage, and now have 17/38 hp.
You barely miss the sky beast. The sky beast hits you.
* * * LOW HITPOINT WARNING * * *
The sky beast shocks you.
* * * LOW HITPOINT WARNING * * *
😱 HP[-8]
You take 8 damage, and now have 9/38 hp.
MASSIVE DAMAGE!! (PAUSE) Are you sure you want to shaft yourself?
The sky beast barely misses you.
You begin to dig a shaft.
You continue digging a shaft.
You block the sky beast's attack. A shaft appears beneath you!
You fall into a shaft and drop 3 floors!
The shaft crumbles and collapses. 😱 MP[+1]
You start resting. 😨 HP[+2] MP[+2]
You regained 2 hp, and now have 11/38 hp.
Your mp is fully restored (5). 😨 HP[+1]
You start resting.
You sense a monster nearby. 😕 HP[+17]
You regained 17 hp, and now have 29/38 hp.
You start resting. 😎 HP[+9]
Your hp is fully restored (38).
Okay, then.
A centaur warrior comes into view. It is wielding a +0 flail.
Unknown command.
The centaur warrior shouts!
The centaur warrior hits you with a +0 flail.
You block the centaur warrior's attack. 😕 HP[-6]
You take 6 damage, and now have 32/38 hp.
Okay, then.
Unknown command.
Okay, then.
Unknown command.
You hit the centaur warrior but do no damage.
You block the centaur warrior's attack. x2
The centaur warrior hits you with a +0 flail!
* * * LOW HITPOINT WARNING * * *
The centaur warrior kicks you but does no damage. 😨 HP[-13]
You take 13 damage, and now have 19/38 hp.
MASSIVE DAMAGE!! (PAUSE)
You slash the centaur warrior!
The centaur warrior hits you with a +0 flail!
* * * LOW HITPOINT WARNING * * *
The centaur warrior kicks you but does no damage.
The centaur warrior hits you with a +0 flail.
* * * LOW HITPOINT WARNING * * *
The centaur warrior kicks you but does no damage. 😱 HP[-13]
You take 13 damage, and now have 6/38 hp.
MASSIVE DAMAGE!! (PAUSE)
Okay, then.
Okay, then.
Are you sure you want to shaft yourself?
The centaur warrior hits you with a +0 flail.
* * * LOW HITPOINT WARNING * * *
You block the centaur warrior's attack.
You begin to dig a shaft.
You continue digging a shaft.
The centaur warrior closely misses you.
The centaur warrior kicks you but does no damage.
The centaur warrior hits you with a +0 flail.
* * * LOW HITPOINT WARNING * * *
The centaur warrior kicks you but does no damage.
A shaft appears beneath you!
You fall into a shaft and drop 2 floors!
The shaft crumbles and collapses.
A gargoyle comes into view. It is wielding a +0 flail. 😱 HP[-3]
You take 3 damage, and now have 3/38 hp.
You slash the gargoyle! The gargoyle hits you with a +0 flail.
You die...

Skill      XL: |  1  2  3  4  5 |
---------------+----------------+-----
Shields        | 1 2 |  2.4
Axes           | 4 5 |  5.4
Fighting       | |  2.1
Throwing       | |  2.0
Dodging        | |  2.6
Invocations    | |  0.2

Action                   |  1- 3 |  4- 6 || total
-------------------------+-------+-------++-------
Melee: War axe           |    75 |   144 ||   219
Invok: Bend Time         |       |     1 ||     1
 Abil: Dig               |       |     2 ||     2
       Shaft Self        |       |     2 ||     2
  Use: Scroll            |       |     4 ||     4
       Potion            |       |     2 ||     2
Armor: Chain mail        |    47 |    63 ||   110
       Leather armour    |     6 |       ||     6
Dodge: Dodged            |    20 |    87 ||   107
Block: Buckler           |    13 |    33 ||    46

Levels and vault maps discovered:
D:1:      dpeg_arrival_radiant, layout_basic, roderic_lattice_a,
          minmay_indecisive_spiral
D:2:      layout_basic, kennysheep_generic_room_6, uniq_natasha
D:3:      layout_loops_ring, nicolae_gozag_cash_rules_everything_around_me,
          cheibriados_altar_1, hellmonk_ecumenical_altar_run_dry,
          chequers_garden, lexackson_kobold_supper
D:4:      layout_basic, hellmonk_ghost_happy_afterlife
D:5:      layout_rooms, minmay_temple_entry_grid, uniq_menkaure
D:7:      layout_cave_pods, st_stairs_4, nicolae_shop_firing_range
D:10:     layout_basic, mainiacjoe_overflow_tiny_flanked, david_orc_5,
          minmay_statue_crystal_thing
D:12:     layout_irregular_city, tso_metal_star

Notes
Turn   | Place    | Note
-------+----------+-------------------------------------------
     0 | D:1      | Sobieck the Formicid Gladiator began the quest for the Orb.
     0 | D:1      | Reached XP level 1. HP: 16/16 MP: 1/1
     0 | D:1      | magus.rc [v1.9.6]
   323 | D:1      | Reached skill level 1 in Shields
   323 | D:1      | Reached XP level 2. HP: 18/22 MP: 2/2
  1016 | D:1      | Reached XP level 3. HP: 27/27 MP: 3/3
  1261 | D:2      | You pick up a book of Vapours and begin reading...
  1261 | D:2      | You add the spells Poisonous Vapours, Mephitic Cloud and
                  | Freezing Cloud to your library.
  1697 | D:2      | Reached skill level 2 in Shields
  1798 | D:2      | Noticed Natasha
  1804 | D:2      | Killed Natasha
  1805 | D:2      | Reached skill level 4 in Axes
  1805 | D:2      | Reached XP level 4. HP: 33/33 MP: 4/4
  2231 | D:3      | Found a snail-covered altar of Cheibriados.
  2319 | D:3      | Became a worshipper of Cheibriados the Contemplative
  2352 | D:3      | You pick up a book of Party Tricks and begin reading...
  2352 | D:3      | You add the spells Apportation, Alistair's Intoxication and
                  | Invisibility to your library.
  2426 | D:2      | Noticed Natasha
  2672 | D:4      | Reached XP level 5. HP: 38/38 MP: 5/5
  2684 | D:5      | Entered Level 5 of the Dungeon
  2700 | D:4      | Reached skill level 5 in Axes
  2964 | D:3      | Found a faded altar of an unknown god.
  3002 | D:3      | Reached * piety under Cheibriados
  3360 | D:3      | Found an opulent altar of Gozag.
  3720 | D:4      | You fall into a shaft and drop 3 floors!
  3721 | D:7      | Noticed a sky beast
  3737 | D:7      | HP: 9/38 [sky beast (5)]
  3740 | D:7      | You fall into a shaft and drop 3 floors!
  3740 | D:10     | Entered Level 10 of the Dungeon
  3998 | D:10     | Noticed a centaur warrior
  4001 | D:10     | HP: 9/38 [centaur warrior (10)]
  4003 | D:10     | HP: 3/38 [centaur warrior (2)]
  4004 | D:10     | You fall into a shaft and drop 2 floors!
  4004 | D:12     | Noticed a gargoyle
  4006 | D:12     | Slain by a gargoyle

Vanquished Creatures
  A hound (D:4)
  Natasha (D:2)
  3 adders
  A worm (D:4)
  3 dart slugs
  2 orcs (D:4)
  6 bats
  2 endoplasms
  3 giant cockroaches
  7 goblins
  4 hobgoblins
  7 quokkas
  3 ball pythons
  6 frilled lizards
  11 kobolds
  5 rats
65 creatures vanquished.

Vanquished Creatures (others)
  4 plants (D:3)
4 creatures vanquished.

Grand Total: 69 creatures vanquished

Table legend:
 A = Non-vault XP
 B = Vault XP
 C = Vault XP percentage of total XP
 D = Non-vault monster count
 E = Vault monster count
 F = Vault count percentage of total count
                 A         B        C        D         E       F
            +---------+---------+-------+---------+---------+-------
      Total |     165 |      55 |  25.0 |      50 |      15 |  23.1
            +---------+---------+-------+---------+---------+-------
        D:1 |      22 |       8 |  26.7 |      13 |       4 |  23.5
        D:2 |      21 |      38 |  64.4 |      13 |       3 |  18.8
        D:3 |      55 |       9 |  14.1 |      18 |       8 |  30.8
        D:4 |      53 |       0 |   0.0 |       5 |       0 |   0.0
        D:5 |      14 |       0 |   0.0 |       1 |       0 |   0.0
            +---------+---------+-------+---------+---------+-------

Illustrated notes

Table legend:
 A = Kills in this place as a percentage of kills in entire the game.
 B = Kills by you in this place as a percentage of kills by you in the entire game.
 C = Kills by friends in this place as a percentage of kills by friends in the entire game.
 D = Other kills in this place as a percentage of other kills in the entire game.
 E = Experience gained in this place as a percentage of experience gained in the entire game.
 F = Experience gained in this place divided by the number of levels of this place that you have seen.
                   A       B       C       D       E      F
               +-------+-------+-------+-------+-------+----------------------
         Total | 100.0 | 100.0 |   N/A |   N/A | 100.0 |  27.5
       Dungeon | 100.0 | 100.0 |   N/A |   N/A | 100.0 |  27.5
               +-------+-------+-------+-------+-------+----------------------

Table legend: (Time is in decaauts)
 A = Elapsed time spent in this place.
 B = Non-inter-level travel time spent in this place.
 C = Inter-level travel time spent in this place.
 D = Time resting spent in this place.
 E = Time spent auto-exploring this place.
 F = Levels seen in this place.
 G = Mean time per level.
                   A        B        C        D        E       F      G
               +--------+--------+--------+--------+--------+-----+--------+
         Total |   4385 |   4111 |    274 |    653 |   2742 |   8 |  548.1 |
       Dungeon |   4385 |   4111 |    274 |    653 |   2742 |   8 |  548.1 |
               +--------+--------+--------+--------+--------+-----+--------+

Top non-repeatable levels by time:
     D:3: 1460 daAuts
     D:1: 1232 daAuts
     D:2: 898 daAuts
     D:4: 294 daAuts
    D:10: 274 daAuts
     D:5: 197 daAuts
     D:7: 25 daAuts
    D:12: 2 daAuts
